 Dungeon Crawl Stone Soup version 0.25-a0-413-g3b4b6a4ccc (webtiles) character file.

Game seed: 9462533944078296409, levelgen mode: deterministic

109 FluffGlitter the Firebug (level 4, 0/45 HPs)
             Began as a Demonspawn Fire Elementalist on Jan 16, 2020.
             Succumbed to an adder's poison
             ... on level 2 of the Dungeon on Jan 17, 2020.
             The game lasted 00:25:33 (3128 turns).

FluffGlitter the Firebug (DsFE)                     Turns: 3128, Time: 00:25:34

Health: 0/45       AC: 22    Str: 14    XL:     4   Next: 60%
Magic:  8/8        EV:  2    Int: 17    God:
Gold:   69         SH:  0    Dex: 13    Spells: 7/8 levels left

rFire    . . .     SeeInvis .   b - +0 dagger
rCold    . . .     Gourm    .   (no shield)
rNeg     + + +     Faith    .   (armour currently unavailable)
rPois    +         Spirit   .   (helmet currently unavailable)
rElec    .         Reflect  .   (cloak currently unavailable)
rCorr    .         Harm     .   (gloves currently unavailable)
MR       .....     NoTele   +   (boots currently unavailable)
Stlth    +++.......             (no amulet)
HPRegen  0.15/turn              (no ring)
MPRegen  0.11/turn              (no ring)

@: mighty, lethally poisoned (0 -> -2), tree-form, invisible
A: nightstalker 1
a: no special abilities


You were on level 2 of the Dungeon.
You were not hungry.
You were a tree.
You visited 1 branch of the dungeon, and saw 3 of its levels.

You collected 69 gold pieces.

Inventory:

Hand Weapons
 b - a +0 dagger (weapon)
   (You took it off a goblin on level 1 of the Dungeon)
 q - a +1 whip of draining
   (You found it on level 2 of the Dungeon)
Missiles
 h - 54 stones (quivered)
 k - 8 poisoned darts
Armour
 a - a +0 robe (melded)
Jewellery
 c - an uncursed ring of protection from fire {unknown}
   (You found it on level 1 of the Dungeon)
 d - an uncursed ring of protection from cold {unknown}
   (You found it on level 1 of the Dungeon)
Scrolls
 g - a scroll of enchant weapon {unknown}
 i - a scroll of enchant armour {unknown}
 o - a scroll of fog {unknown}
 p - a scroll of identify {unknown}
Potions
 l - a potion of brilliance {unknown}
Comestibles
 e - 3 rations {!d}


   Skills:
 + Level 0.1 Short Blades
 - Level 2.0 Dodging
 + Level 2.5 Stealth
 + Level 2.7 Spellcasting
 + Level 2.3 Conjurations
 + Level 3.3 Fire Magic


You had 7 spell levels left.
You knew the following spells:

 Your Spells              Type           Power        Failure   Level  Hunger
a - Foxfire               Conj/Fire      ##..         5%          1    #......

Your spell library contained the following spells:

 Spells                   Type           Power        Failure   Level  Hunger
 Conjure Flame            Conj/Fire      ##......     17%         3    ###....
 Inner Flame              Hex/Fire       #.......     26%         3    ###....
 Sticky Flame             Conj/Fire      ##......     50%         4    #####..
 Fireball                 Conj/Fire      ##........   83%         5    ######.


Dungeon Overview and Level Annotations

Branches:
Dungeon (3/15)

Altars:
Ashenzari


Innate Abilities, Weirdness & Mutations

You are slightly more attuned to the shadows.


Message History

An adder, a hobgoblin and 3 orcs come into view.
An orc is wielding a +3 mace of distortion.
The adder hisses angrily.
The orc shouts! x2; The hobgoblin shouts!
The adder closely misses you. The adder misses you.
A frilled lizard comes into view.
You hear a shout!
Found an escape hatch in the floor.
There is a stone staircase leading up here.
You hear a shout!
The adder barely misses you. The adder bites you.
You climb upwards.
There is a stone staircase leading down here.
You hit the adder but do no damage. The adder misses you.
You barely miss the adder. The adder misses you.
You hit the adder. The adder bites you.
You are poisoned.
The adder poisons you!
You miss the adder.
You feel sick. The adder bites you. x2
You closely miss the adder.
You feel sick. The adder misses you.
You barely miss the adder. The adder bites you.
* * * LOW HITPOINT WARNING * * *
Nothing appears to happen.
The adder bites you.
* * * LOW HITPOINT WARNING * * *
The adder misses you.
You closely miss the adder.
You feel sick. The adder bites you.
* * * LOW HITPOINT WARNING * * *
You barely miss the adder. The adder bites you.
* * * LOW HITPOINT WARNING * * *
It was a potion of might.
You feel very mighty all of a sudden.
* * * LOW HITPOINT WARNING * * *
You feel sick. The adder misses you. The adder bites you.
* * * LOW HITPOINT WARNING * * *
It was a potion of lignification.
You turn into a tree.
Your +0 robe melds into your body.
Your roots penetrate the ground.
The adder bites you but does no damage.
You closely miss the adder. The adder bites you but does no damage.
You barely miss the adder. The adder bites you but does no damage.
You hit the adder.
* * * LOW HITPOINT WARNING * * *
You feel sick.
The adder bites you but does no damage. x2
You closely miss the adder. The adder bites you.
* * * LOW HITPOINT WARNING * * *
Okay, then.
As you read the scroll labeled BAUMOS APSU, it crumbles to dust.
You hear a loud clanging noise!
It was a scroll of noise.
The adder bites you but does no damage.
It was a potion of invisibility.
You fade into invisibility!
You die...

#.# #.# #.# #.#
### # #.# #.#
.###.##.####.#
.............#
..##.##.#...<####
............S♣#
.............####
..##.##.####.# .
#. #.# #.# .
..####.##### ##
#........#
#.##.###.# #
#.##.# #.#
#.#.##.# #.#


You could see an adder.

Vanquished Creatures
  5 gnolls
  3 adders (D:2)
  A worm (D:2)
  A dart slug (D:1)
  A leopard gecko (D:2)
  2 bats (D:1)
  A giant cockroach (D:1)
  3 goblins
  6 hobgoblins
  A kobold (D:2)
  A quokka (D:2)
  4 frilled lizards
  3 rats
32 creatures vanquished.

Vanquished Creatures (others)
  101 foxfires
101 creatures vanquished.

Grand Total: 133 creatures vanquished

Notes
Turn   | Place    | Note
-------+----------+-------------------------------------------
     0 | D:1      | FluffGlitter the Demonspawn Fire Elementalist began the
                  | quest for the Orb.
     0 | D:1      | Reached XP level 1. HP: 13/13 MP: 3/3
   122 | D:1      | Gained mutation: You are slightly more attuned to the
                  | shadows. [demonic ancestry]
   122 | D:1      | Reached XP level 2. HP: 19/19 MP: 1/5
  1198 | D:1      | Reached skill level 3 in Fire Magic
  1689 | D:2      | Reached XP level 3. HP: 24/24 MP: 3/6
  1787 | D:3      | Found a shattered altar of Ashenzari.
  2096 | D:2      | Reached XP level 4. HP: 23/30 MP: 2/7
  2511 | D:2      | Found a faded altar of an unknown god.
  3125 | D:2      | HP: 2/45 [poisoned by an adder]
  3128 | D:2      | Succumbed to an adder's poison

Levels and vault maps discovered:
D:1:      nzn_arrival_water_spiral, layout_basic, serial_bayou_pond_a
D:2:      layout_basic, chequers_ecumenical_altar_island, minmay_distorted
D:3:      layout_loops_ring, lemuel_crystal_altar, first_ration,
          saegor_snake_ambush

Skill      XL: |  1  2  3 |
---------------+----------+-----
Dodging        | 2 |  2.0
Fire Magic     | 3 |  3.3
Stealth        | 2 |  2.5
Conjurations   | 2 |  2.3
Short Blades   | |  0.1
Spellcasting   | |  2.7

Action                   |  1- 3 |  4- 6 || total
-------------------------+-------+-------++-------
Melee: Dagger            |     8 |    17 ||    25
 Cast: Foxfire           |    43 |    15 ||    58
  Use: Potion            |       |     3 ||     3
       Scroll            |       |     1 ||     1
 Stab: Sleeping          |     7 |     1 ||     8
  Eat: Chunk             |     3 |     4 ||     7
Armor: Robe              |     5 |     1 ||     6
       Skin              |       |     6 ||     6
Dodge: Dodged            |    30 |    16 ||    46

Table legend:
 A = Non-vault XP
 B = Vault XP
 C = Vault XP percentage of total XP
 D = Non-vault monster count
 E = Vault monster count
 F = Vault count percentage of total count
                 A         B        C        D         E       F
            +---------+---------+-------+---------+---------+-------
      Total |     157 |       0 |   0.0 |      32 |       0 |   0.0
            +---------+---------+-------+---------+---------+-------
        D:1 |      52 |       0 |   0.0 |      16 |       0 |   0.0
        D:2 |     105 |       0 |   0.0 |      16 |       0 |   0.0
            +---------+---------+-------+---------+---------+-------
